 Dungeon Crawl Stone Soup version 0.25.1-2-g60ff931 (webtiles) character file.

Game seed: 8893781345500563791

60 Askren the Skirmisher (level 4, -8/41 HPs)
             Began as a Hill Orc Abyssal Knight on Aug 30, 2020.
             Was a Follower of Lugonu.
             Killed from afar by a white imp (12 damage)
             ... with a puff of frost
             ... summoned by Natasha
             ... on level 2 of the Dungeon.
             The game lasted 00:07:19 (1495 turns).

Askren the Skirmisher (Hill Orc Abyssal Knight)     Turns: 1495, Time: 00:07:20

Health: -8/41      AC:  3    Str: 15    XL:     4   Next: 6%
Magic:  6/6        EV: 11    Int: 12    God:    Lugonu [*.....]
Gold:   36         SH:  0    Dex: 10    Spells: 3/3 levels left

rFire    . . .     SeeInvis .   a - +1 hand axe
rCold    . . .     Gourm    .   (no shield)
rNeg     . . .     Faith    .   b - +0 leather armour
rPois    .         Spirit   .   (no helmet)
rElec    .         Reflect  .   (no cloak)
rCorr    .         Harm     .   (no gloves)
MR       .....     Rnd*Tele +   (no boots)
Stlth    +.........             (no amulet)
HPRegen  0.13/turn              d - ring of teleportation (curse)
MPRegen  0.10/turn              h - ring of flight

@: slowed, very slow
A: no striking features
a: Depart the Abyss, Renounce Religion, Evoke Flight


You were on level 2 of the Dungeon.
You worshipped Lugonu.
Lugonu was aware of your devotion.
You were not hungry.

You visited 1 branch of the dungeon, and saw 2 of its levels.
You visited the Abyss 1 time.

You collected 36 gold pieces.

Inventory:

Hand Weapons
 a - a +1 hand axe (weapon)
Armour
 b - a +0 leather armour (worn)
Jewellery
 d - a cursed ring of teleportation (left hand)
 h - a ring of flight (right hand)
Scrolls
 i - a scroll of immolation {unknown}
 l - a scroll of blinking
Potions
 e - 2 potions of curing
Comestibles
 c - 5 rations


   Skills:
 + Level 4.6 Fighting
 + Level 3.6 Axes
 + Level 2.6 Armour
 + Level 1.2 Dodging
 + Level 2.7 Invocations


You had 3 spell levels left.
You didn't know any spells.
Your spell library was empty.

Dungeon Overview and Level Annotations

Branches:
Dungeon (2/15)

Altars:

Annotations:
D:2 Natasha


Message History

The shadow imp misses you. The shadow imp hits you.
You hit the shadow imp.
The shadow imp is moderately wounded.
The shadow imp hits you but does no damage.
The shadow imp misses you.
You slash the shadow imp!
You kill the shadow imp!
Natasha hisses.
Natasha howls an incantation.
Natasha glows brightly for a moment.
Natasha claws you.
* * * LOW HITPOINT WARNING * * *
You barely miss Natasha.
Natasha mumbles some strange words.
Natasha closely misses you.
You closely miss Natasha. You hit the white imp. Natasha claws you!
* * * LOW HITPOINT WARNING * * *
The white imp gestures at you. The puff of frost hits you!
You die...

#.# .. #
§###..#
###§§..!#
#§§§§...#
#§§§§.....
#§##§?..##
#h#######
#5@.######
###......##.
###.........
#.........#
#........#
#.......#
#.......#
#.......#
#.......#


You could see Natasha and a white imp (summoned).

Vanquished Creatures
  A gnoll (D:1)
  2 adders (D:2)
  A dart slug (D:1)
  3 leopard geckos (D:1)
  2 giant cockroaches (D:1)
  3 goblins
  3 hobgoblins (D:1)
  2 jackals (D:1)
  3 bats
  3 frilled lizards
  2 kobolds (D:1)
  5 rats
30 creatures vanquished.

Notes
Turn   | Place    | Note
-------+----------+-------------------------------------------
     0 | Abyss:1  | Askren the Hill Orc Abyssal Knight began the quest for the
                  | Orb.
     0 | Abyss:1  | Reached XP level 1. HP: 19/19 MP: 2/2
     0 | D:1      | Escaped the Abyss
   120 | D:1      | Reached skill level 4 in Fighting
   120 | D:1      | Reached XP level 2. HP: 7/27 MP: 3/3
   463 | D:1      | Reached * piety under Lugonu
   653 | D:1      | Reached XP level 3. HP: 20/33 MP: 3/5
  1428 | D:2      | Reached skill level 1 in Dodging
  1428 | D:2      | Reached XP level 4. HP: 16/41 MP: 6/6
  1486 | D:2      | Noticed Natasha
  1495 | D:2      | Killed from afar by a white imp

Illustrated notes

Levels and vault maps discovered:
D:1:      sevenhm_arrival_forest_fort_small_6, layout_loops_ring,
          kennysheep_doodads, solitary_fountain, hangedman_decor_opposing
D:2:      layout_rooms, eat_drink_and_be_merry_uskayaw,
          gammafunk_temple_overflow_elements, fedhas_altar_4, uniq_natasha

Skill      XL: |  1  2  3 |
---------------+----------+-----
Axes           | 3 |  3.6
Fighting       | 4 |  4.6
Dodging        | 1 |  1.2
Armour         | |  2.6
Invocations    | |  2.7

Action                   |  1- 3 |  4- 6 || total
-------------------------+-------+-------++-------
Melee: Hand axe          |    84 |    12 ||    96
Invok: Depart the Abyss  |     1 |       ||     1
 Abil: Evoke Flight      |     1 |       ||     1
  Use: Potion            |     3 |       ||     3
       Scroll            |       |     4 ||     4
  Eat: Chunk             |     2 |       ||     2
Armor: Leather armour    |    31 |     1 ||    32
       Skin              |    28 |     6 ||    34
Dodge: Dodged            |    68 |     4 ||    72
